 Dungeon Crawl Stone Soup version 0.14.2 (webtiles) character file.

78 Amnesiac the Charlatan (level 3, 0/18 HPs)
             Began as a Spriggan Artificer on Feb 9, 2018.
             Succumbed to an adder's poison
             ... on Level 3 of the Dungeon.
             The game lasted 00:01:33 (591 turns).

Amnesiac the Charlatan (Spriggan Artificer)          Turns: 591, Time: 00:01:33

HP   0/18        AC  2     Str  8      XL: 3   Next: 28%
MP   8/8         EV 25     Int 13      God:
Gold 39          SH  0     Dex 21      Spells:  0 memorised,  2 levels left

rFire  . . .     SeeInvis +     i - +0 spear
rCold  . . .     Clarity  .     e - +0 robe
rNeg   . . .     Conserve .     (shield restricted)
rPois  .         rCorr    .     (helmet restricted)
rElec  .         rRot     .     (no cloak)
SustAb . .       Spirit   .     (gloves unavailable)
rMut   .         Warding  .     (boots unavailable)
Saprov . . .     Stasis   .     (no amulet)
MR     .....                    (no ring)
                                (no ring)

@: agile, lethally poisoned, very quick, not resistant to hostile enchantments,
quite stealthy
A: unfitting armour, see invisible, herbivore 3, speed 3, slow metabolism 2
a: no special abilities


You were on level 3 of the Dungeon.
You were completely stuffed.

You visited 1 branch of the dungeon, and saw 3 of its levels.

You collected 39 gold pieces.

Inventory:

Hand weapons
 i - a +0,+0 spear (weapon)
Missiles
 h - 6 darts (quivered)
Armour
 e - a +0 robe (worn)
Magical devices
 b - a wand of flame (0)
 c - a wand of enslavement (14)
 d - a wand of random effects (15)
Scrolls
 a - a scroll of noise {!r, unknown}
 g - 2 scrolls of teleportation {!r, unknown}
 j - a scroll of identify {!r, unknown}


   Skills:
 - Level 1.0 Fighting
   Level 1.1 Short Blades
 + Level 3.8 Dodging
 - Level 1.5 Stealth
 * Level 5.5 Evocations


You had 2 spell levels left.
You didn't know any spells.

Dungeon Overview and Level Annotations

Branches:
Dungeon (3/15)

Altars:


Innate Abilities, Weirdness & Mutations

You are tiny and cannot use many weapons and most armour.
You have supernaturally acute eyesight.
You are a herbivore.
You cover ground extremely quickly.
You need consume almost no food.


Message History

* * * LOW HITPOINT WARNING * * *
You feel sick. The adder closely misses you. The adder barely misses you.
Evoke which item? (* to show all) (? for menu, Esc to quit)
Zapping:
b - a wand of flame (2)
Press: ? - help, Shift-Dir - straight line, f/p - adder
Aim: an adder (heavily wounded)
The puff of flame hits the adder.
The adder is almost dead.
This wand has 1 charge left.
The adder closely misses you.
Evoke which item? (* to show all) (? for menu, Esc to quit)
Zapping:
b - a wand of flame (1)
Press: ? - help, Shift-Dir - straight line, f/p - adder
Aim: an adder (almost dead)
The puff of flame hits the adder.
You kill the adder!
This wand has 0 charges left.
Drink which item? (? for menu, Esc to quit)
Really quaff
j - a slimy cyan potion {!q}?
You feel agile all of a sudden.
It was a potion of agility {!q}.
* * * LOW HITPOINT WARNING * * *
You feel sick.
You see here a scroll labeled GAROHO THRENUUC {!r}.
j - a scroll labeled GAROHO THRENUUC {!r}
* * * LOW HITPOINT WARNING * * *
You feel sick.
A giant cockroach comes into view.
Found a scroll labeled NOSCHA HEAF.
A goblin comes into view.
Found an escape hatch in the floor.
* * * LOW HITPOINT WARNING * * *
You feel sick.
Found 7 arrows of flame.
A kobold comes into view. It is wielding a club.
The kobold shouts!
Found 18 arrows.
A rat comes into view.
The kobold misses you.
You closely miss the giant cockroach. The giant cockroach misses you.
The kobold completely misses you.
Drink which item? (? for menu, Esc to quit)
Really quaff
f - a potion of porridge {!q}?
That potion was really gluggy!
* * * LOW HITPOINT WARNING * * *
You feel sick.
The giant cockroach bites you but does no damage.
Evoke which item? (* to show all) (? for menu, Esc to quit)
Zapping:
c - a wand of enslavement (15)
Press: ? - help, Shift-Dir - straight line, f - kobold
Aim: a kobold, wielding a club The kobold is charmed.
This wand has 14 charges left.
The giant cockroach bites you.
* * * LOW HITPOINT WARNING * * *
You swap places.
The giant cockroach completely misses your kobold.
Evoke which item? (* to show all) (? for menu, Esc to quit)
Okay, then.
The rat completely misses you.
The giant cockroach barely misses your kobold.
Found 12 gold pieces.
* * * LOW HITPOINT WARNING * * *
You feel sick.
You feel a bit more experienced.
You die...

### ... #$# #.# #.# #.
#.######.##
#...#########...(......
#...@....r.....##.#
#...############K##.#
..? #.##.# # #K##.###
###s##.##. #.?....##.
##......##. #.........%
#.......##.


You could see a rat.

Vanquished Creatures
  3 adders
  A ball python (D:2)
  3 bats
  A hobgoblin (D:1)
  2 giant cockroaches
  A giant newt (D:2)
  2 kobolds (D:1)
  2 rats (D:1)
15 creatures vanquished.

Vanquished Creatures (collateral kills)
  A giant cockroach (D:3)
1 creature vanquished.

Grand Total: 16 creatures vanquished

Notes
Turn   | Place    | Note
--------------------------------------------------------------
     0 | D:1      | Amnesiac, the Spriggan Artificer, began the quest for the Orb.
     0 | D:1      | Reached XP level 1. HP: 9/9 MP: 2/2
    16 | D:1      | Reached skill level 1 in Fighting
   465 | D:2      | Reached XP level 2. HP: 14/14 MP: 5/5
   489 | D:2      | Reached skill level 5 in Evocations
   558 | D:3      | Reached XP level 3. HP: 18/18 MP: 8/8
   591 | D:3      | Succumbed to an adder's poison

Action                   || total
-------------------------++-------
Melee: Short sword       ||    29
       Spear             ||    19
Evoke: Wand              ||    16
  Use: Potion            ||     2
 Stab: Sleeping          ||     2
